 Dungeon Crawl Stone Soup version 0.20-a0-738-gb057e68 (webtiles) character file.

73 Drakyr the Ruffian (level 4, 32/33 HPs)
             Began as a Draconian Wizard on Feb 24, 2017.
             Quit the game on level 2 of the Dungeon.
             The game lasted 00:07:06 (2977 turns).

Drakyr the Ruffian (Draconian Wizard)               Turns: 2977, Time: 00:07:07

Health: 32/33      AC:  5    Str: 10    XL:     4   Next: 8%
Magic:  2/8        EV: 12    Int: 19    God:
Gold:   78         SH:  0    Dex:  9    Spells: 6/9 levels left

rFire    . . .     SeeInvis .   j - +3 whip
rCold    . . .     Gourm    .   (armour unavailable)
rNeg     . . .     Faith    .   (no shield)
rPois    .         Spirit   .   a - +0 hat
rElec    .         Reflect  .   (no cloak)
rCorr    .         Harm     .   (no gloves)
MR       .....                  (no boots)
Stlth    ++........             (no amulet)
Regen    0.2/turn               (no ring)
MPRegen  0.2/turn               (no ring)

@: no status effects
A: unfitting armour, cold-blooded, AC +5
a: no special abilities


You were on level 2 of the Dungeon.
You were not hungry.

You visited 1 branch of the dungeon, and saw 2 of its levels.

You collected 78 gold pieces.

Inventory:

Hand Weapons
 j - a +3 whip (weapon)
Armour
 a - a +0 hat (worn)
Scrolls
 g - 2 scrolls of teleportation {unknown}
 h - 2 scrolls of fear {unknown}
 i - a scroll of blinking {unknown}
 k - a scroll of identify {unknown}
 l - a scroll of recharging {unknown}
Potions
 d - a potion of might {unknown}
 e - 2 potions of mutation {unknown}
 f - a potion of lignification {unknown}
Books
 b - a book of Minor Magic

   Spells                             Type                      Level
   a - Magic Dart                     Conjuration                  1
   b - Blink                          Translocation                2
   c - Call Imp                       Summoning                    2
   d - Slow                           Hexes                        2
   e - Conjure Flame                  Conjuration/Fire             3
   f - Mephitic Cloud                 Conjuration/Poison/Air       3
Comestibles
 c - 3 bread rations
 m - a chunk of flesh


   Skills:
 - Level 1.7 Dodging
 - Level 1.7 Stealth
 + Level 3.7 Unarmed Combat
 - Level 3.0 Spellcasting
 - Level 1.0 Conjurations
   Level 1.0 Summonings
 - Level 1.0 Translocations


You had 6 spell levels left.
You knew the following spells:

 Your Spells              Type           Power        Failure   Level  Hunger
a - Magic Dart            Conj           #...         12%         1    None
b - Blink                 Tloc           N/A          17%         2    ##.....


Dungeon Overview and Level Annotations

Branches:
Dungeon (2/15)

Altars:
Elyvilon


Innate Abilities, Weirdness & Mutations

Your plain brown scales are hard. (AC +5)
You cannot fit into any form of body armour.
You are cold-blooded and may be slowed by cold attacks.


Message History

Confirm with . or Enter, or press ? or * to list all spells.
Aiming: Magic Dart
Press: ? - help, Shift-Dir - straight line, f/p - worm
Aim: a worm (heavily wounded)
The magic dart hits the worm.
The worm is heavily wounded.
Casting: Magic Dart
Confirm with . or Enter, or press ? or * to list all spells.
Aiming: Magic Dart
Press: ? - help, Shift-Dir - straight line, f/p - worm
Aim: a worm (heavily wounded)
The magic dart hits the worm.
The worm is heavily wounded.
You whack the worm!
You kill the worm!
No target in view!
No target in view!
You can't go up here!
Unknown command.
Are you sure you want to abandon this character and quit the game? (Confirm with "yes".)

#.#.# #.# #.# #.#
#.#.######.## #.# #.#
#.#.##......# #.# #.#
#.#.##......# #.# #.#
#.#.##......# #.# #.#
###########.#. #......#
#.# #.# #...........#.
#......# #.#
##.##########.######.##
#.# #.# .......@......#
#.# #.# ######.########
#.# #.# #. #.# #.# ....
#.# #.# ...... #.##...
#.# ...... #.##...
#.######...... #.##...
#.#.......... #.##...
##.#.#......### #.##...


There were no monsters in sight!

Vanquished Creatures
  An adder (D:2)
  An ooze (D:1)
  2 worms (D:2)
  2 dart slugs (D:1)
  A leopard gecko (D:2)
  2 bats (D:1)
  2 giant cockroaches
  6 goblins
  8 hobgoblins
  7 jackals
  3 kobolds
  A quokka (D:2)
  3 frilled lizards
  4 rats
  A plant (D:1)
44 creatures vanquished.

Vanquished Creatures (others)
  A dart slug (D:2)
1 creature vanquished.

Grand Total: 45 creatures vanquished

Notes
Turn   | Place    | Note
-------+----------+-------------------------------------------
     0 | D:1      | Drakyr the Draconian Wizard began the quest for the Orb.
     0 | D:1      | Reached XP level 1. HP: 14/14 MP: 4/4
    60 | D:1      | Reached skill level 1 in Unarmed Combat
   297 | D:1      | Reached XP level 2. HP: 20/20 MP: 3/6
   973 | D:1      | Reached XP level 3. HP: 20/26 MP: 7/7
  2400 | D:2      | Found a faded altar of an unknown god.
  2486 | D:2      | Learned a level 2 spell: Blink
  2563 | D:2      | Found a white marble altar of Elyvilon.
  2909 | D:2      | Reached XP level 4. HP: 25/33 MP: 8/8
  2977 | D:2      | Quit the game

Vault maps used:
D:1:      evilmike_arrival_hilbert_curve, serial_bayou, serial_bayou_shore_b,
          serial_bayou_pond_c, serial_bayou_pond_b, serial_bayou_pond_c
D:2:      first_bread, chequers_ecumenical_altar_island, elyvilon_altar_4

Skill      XL: |  1  2  3 |
---------------+----------+-----
Unarmed Combat | 1 2 3 |  3.7
Dodging        | |  1.7
Stealth        | |  1.7
Spellcasting   | |  3.0
Conjurations   | |  1.0
Summonings     | |  1.0
Translocations | |  1.0

Action                   |  1- 3 |  4- 6 || total
-------------------------+-------+-------++-------
Melee: Unarmed           |    99 |       ||    99
       Tailslap          |    18 |       ||    18
       Whip              |   129 |     3 ||   132
       Punch             |     2 |       ||     2
 Cast: Magic Dart        |    46 |     6 ||    52
  Eat: Chunk             |     4 |       ||     4
       Bread ration      |     1 |       ||     1
Armor: Skin              |    41 |     1 ||    42
Dodge: Dodged            |    98 |     1 ||    99
